 Dungeon Crawl Stone Soup version 0.30-a0-123-g91d0c66ccf (webtiles) character file.

Game seed: 3507386479000353653

17 jlumianski the Chopper (level 2, -5/18 HPs)
             Began as a Gargoyle Gladiator on Sept 18, 2022.
             Slain by Natasha (8 damage)
             ... on level 1 of the Dungeon.
             The game lasted 00:02:05 (736 turns).

jlumianski the Chopper (Gargoyle Gladiator)          Turns: 736, Time: 00:02:05

Health: -5/18      AC:  6    Str: 17    XL:     2   Next: 62%
Magic:  2/2        EV: 12    Int:  8    God:
Gold:   26         SH:  0    Dex: 11    Spells: 1/1 levels left

rFire   . . .      SeeInvis .    a - +0 war axe
rCold   . . .      Faith    .    (no shield)
rNeg    + . .      Spirit   .    b - +0 leather armour
rPois   ∞          Reflect  .    c - +0 helmet
rElec   +          Harm     .    (no cloak)
rCorr   .          Rampage  .    (no gloves)
Will    .....                    (no boots)
Stlth   +.........               (no amulet)
HPRegen 0.06/turn                (no ring)
MPRegen 0.08/turn                (no ring)

@: no status effects
A: sickness immunity, AC +2, negative energy resistance 1, electricity
resistance, torment resistance 1, petrification resistance
a: no special abilities


You were on level 1 of the Dungeon.
You visited 1 branch of the dungeon, and saw 2 of its levels.

You collected 26 gold pieces.

Inventory:

Hand Weapons
 a - a +0 war axe (weapon)
Missiles
 d - 3 throwing nets (quivered)
 e - 7 javelins
Armour
 b - a +0 leather armour (worn)
 c - a +0 helmet (worn)
Scrolls
 f - a scroll of amnesia {unknown}
 g - 2 scrolls of noise {unknown}
 i - a scroll of immolation
 j - 4 scrolls of identify {unknown}
 k - a scroll of silence {unknown}
Potions
 h - a potion of curing {unknown}
 l - a potion of cancellation {unknown}


   Skills:
 + Level 2.4 Fighting
 + Level 3.2 Axes
 + Level 1.9 Throwing
 + Level 2.5 Dodging


You had one spell level left.
You didn't know any spells.
Your spell library contained the following spells:

 Spells                   Type           Power      Damage    Failure   Level
 Blink                    Tloc           0%         N/A       63%         2
 Summon Guardian Golem    Hex/Summ       0%         N/A       85%         3
 Manifold Assault         Tloc           0%         N/A       99%         4
 Orb of Destruction       Conj           0%         9d5       100%        7
 Spellforged Servitor     Conj/Summ      0%         N/A       100%        7
 Storm Form               Tmut/Air       0%         N/A       100%        7


Dungeon Overview and Level Annotations

Branches:
Dungeon (2/15)

Altars:

Annotations:
D:1 Natasha


Innate Abilities, Weirdness & Mutations

You are immune to sickness and miasma.
Your stone body is resilient. (AC +2)
You are immune to poison.
You resist negative energy. (rN+)
You are resistant to electric shocks. (rElec)
You are resistant to unholy torment.
You are immune to petrification.


Message History

j - 3 scrolls labelled MEKKEITYTY
e - 7 javelins (gained 6)
Found a scroll labelled AHENEPP KIXTEU and a hand axe.
k - a scroll labelled AHENEPP KIXTEU You see here a +0 hand axe.
j - 4 scrolls labelled MEKKEITYTY (gained 1)
l - a fizzy orange potion
Found a mace.
Found a stone staircase leading down.
A hobgoblin comes into view.
The hobgoblin shouts!
There is a stone staircase leading down here.
You slash the hobgoblin!
You kill the hobgoblin!
You see here a hobgoblin corpse.
There is a stone staircase leading down here.
You climb downwards.
Natasha hisses angrily.
The hobgoblin shouts!
The goblin shouts!
You hear a shout!
Found 13 gold pieces.
There is a stone staircase leading up here.
Natasha stares at you and mumbles some strange words.
The magic dart hits you!
You climb upwards.
There is a stone staircase leading down here.
You barely miss Natasha. Natasha claws you but does no damage.
Natasha misses you.
You closely miss Natasha. Natasha misses you.
You hit Natasha.
Natasha is lightly wounded.
Natasha closely misses you.
You closely miss Natasha.
Natasha is lightly wounded.
Natasha claws you!
* * * LOW HITPOINT WARNING * * *
Natasha misses you.
You hit Natasha.
Natasha is moderately wounded.
Natasha claws you!
You die...

...## ...##..
##......#..
#..#....#...
........# #..
##.#....###..#
...#....# .....
.+......# #..######
##......# #.h@†..#
...†....##.###.#.####
##...##....... #.#
.....##..#.### #.#
#............# #.#
......#..#.#.# #.#
..#...#..#.#.# #.#
#.#......#.#.###.#
.................#


You could see Natasha.

Vanquished Creatures
  A dart slug (D:1)
  A ball python (D:1)
  A bat (D:1)
  2 giant cockroaches (D:1)
  A hobgoblin (D:1)
  2 jackals (D:1)
  2 kobolds (D:1)
  A quokka (D:1)
  2 frilled lizards (D:1)
13 creatures vanquished.

Notes
Turn   | Place    | Note
-------+----------+-------------------------------------------
     0 | D:1      | jlumianski the Gargoyle Gladiator began the quest for the
                  | Orb.
     0 | D:1      | Reached XP level 1. HP: 12/12 MP: 1/1
   422 | D:1      | Reached skill level 3 in Axes
   422 | D:1      | Reached XP level 2. HP: 15/18 MP: 2/2
   501 | D:1      | Found a faded altar of an unknown god.
   726 | D:2      | Noticed Natasha
   736 | D:1      | Slain by Natasha

Illustrated notes

Levels and vault maps discovered:
D:1:      dpeg_arrival_pits, layout_basic, hellmonk_ecumenical_altar_blasted,
          minmay_misc_feat_columns
D:2:      layout_rooms, uniq_natasha, uniq_terence, uniq_jessica

Skill      XL: |  1 |
---------------+----+-----
Axes           | 3 |  3.2
Fighting       | |  2.4
Throwing       | |  1.9
Dodging        | |  2.5

Action                   || total
-------------------------++-------
Melee: War axe           ||    47
       Punch             ||     1
Armor: Leather armour    ||    18
Dodge: Dodged            ||    36

Table legend: (Time is in decaauts)
 A = Elapsed time spent in this place.
 B = Non-inter-level travel time spent in this place.
 C = Inter-level travel time spent in this place.
 D = Time resting spent in this place.
 E = Time spent auto-exploring this place.
 F = Levels seen in this place.
 G = Mean time per level.
                   A        B        C        D        E       F      G
               +--------+--------+--------+--------+--------+-----+--------+
         Total |    752 |    752 |      0 |     59 |    426 |   2 |  376.0 |
       Dungeon |    752 |    752 |      0 |     59 |    426 |   2 |  376.0 |
               +--------+--------+--------+--------+--------+-----+--------+

Top non-repeatable levels by time:
     D:1: 747 daAuts
     D:2: 4 daAuts
